 Dungeon Crawl Stone Soup version 0.22-a0-772-gac08f70 (webtiles) character file.

23 corax the Sneak (level 3, 0/18 HPs)
             Began as a Vine Stalker Assassin on July 17, 2018.
             Slain by Terence
             ... wielding a +0 flail
              (2 damage)
             ... on level 1 of the Dungeon.
             The game lasted 00:02:01 (651 turns).

corax the Sneak (Vine Stalker Assassin)              Turns: 651, Time: 00:02:02

Health: 0/18       AC:  3    Str: 13    XL:     3   Next: 0%
Magic:  0/4        EV: 12    Int: 11    God:
Gold:   52         SH:  0    Dex: 16    Spells: 2/2 levels left

rFire    . . .     SeeInvis .   h - +3 dagger
rCold    . . .     Gourm    .   (no shield)
rNeg     . . .     Faith    .   c - +0 robe
rPois    .         Spirit   +   (no helmet)
rElec    .         Reflect  .   d - +0 cloak
rCorr    .         Harm     .   (no gloves)
MR       .....                  (no boots)
Stlth    +++.......             (no amulet)
HPRegen  0.06/turn              (no ring)
MPRegen  0.09/turn              (no ring)

@: no status effects
A: fangs 2, magic shield, antimagic bite, no potion heal 3, rot immunity
a: no special abilities


You were on level 1 of the Dungeon.
You were not hungry.

You visited 1 branch of the dungeon, and saw 2 of its levels.

You collected 52 gold pieces.

Inventory:

Hand Weapons
 a - a +2 dagger
 b - a +0 blowgun
 h - a +3 dagger (weapon)
Missiles
 e - 8 poisoned needles
 f - 2 curare-tipped needles
Armour
 c - a +0 robe (worn)
 d - a +0 cloak (worn)
Scrolls
 l - a scroll of identify {unknown}
Potions
 i - a potion of curing {unknown}
 j - a potion of heal wounds {unknown}
 k - 2 potions of cancellation {unknown}
Comestibles
 g - 2 rations


   Skills:
 + Level 2.0 Fighting
 + Level 2.0 Short Blades
 + Level 2.0 Throwing
 + Level 1.1 Dodging
 + Level 5.2 Stealth


You had 2 spell levels left.
You didn't know any spells.
Your spell library was empty.

Dungeon Overview and Level Annotations

Branches:
Dungeon (2/15)

Altars:

Annotations:
D:1 Terence


Innate Abilities, Weirdness & Mutations

You have extremely sharp teeth.
When hurt, damage is shared between your health and your magic reserves.
Your bite disrupts and absorbs the magic of your enemies.
Potions cannot restore your health.
You are immune to rotting.


Message History

You hit Terence.
Terence is severely wounded.
Terence barely misses you.
You hit Terence but do no damage. You bite Terence. You drain his power.
You feel invigorated.
Terence is almost dead.
Terence barely misses you.
You hit Terence but do no damage.
Terence is severely wounded.
Terence closely misses you.
You hit Terence but do no damage.
Terence is severely wounded.
You hit Terence but do no damage. You bite Terence, but do no damage.
Terence is severely wounded.
Terence hits you with a flail.
* * * LOW HITPOINT WARNING * * *
You hit Terence but do no damage. You bite Terence, but do no damage.
Terence is severely wounded.
Terence hits you with a flail.
You die...

### #####.. #...... ###
#.###.# ##.#############
#.# #.# #......@@......#
#.# #.# ##.######......#
#.# #.# ########.#
#.####.####.###..
#........# #.#
#........... #.########
#.####.####.###.# ##.##
#......# #.# #.# ##...##
#..########.###.# #.#)#.#
#................ #..#..#
#########..########..##..


You could see Terence.

Vanquished Creatures
  2 leopard geckos (D:1)
  5 goblins (D:1)
  4 hobgoblins (D:1)
  A ball python (D:1)
  2 bats (D:1)
  3 kobolds (D:1)
  4 rats
21 creatures vanquished.

Notes
Turn   | Place    | Note
-------+----------+-------------------------------------------
     0 | D:1      | corax the Vine Stalker Assassin began the quest for the Orb.
     0 | D:1      | Reached XP level 1. HP: 11/11 MP: 2/2
    32 | D:1      | Reached skill level 5 in Stealth
    65 | D:1      | Reached XP level 2. HP: 5/15 MP: 1/3
   138 | D:1      | Reached skill level 1 in Dodging
   612 | D:2      | Noticed Terence
   617 | D:2      | Reached XP level 3. HP: 18/18 MP: 4/4
   651 | D:1      | Slain by Terence

Vault maps used:
D:1:      minmay_arrival_five_plusses, item_on_display_b
D:2:      uniq_terence, uniq_sigmund, uniq_robin

Skill      XL: |  1  2 |
---------------+-------+-----
Stealth        | 5 |  5.2
Dodging        | 1 |  1.1
Short Blades   | 2 |  2.0
Fighting       | 2 |  2.0
Throwing       | 2 |  2.0

Action                   || total
-------------------------++-------
Melee: Dagger            ||    71
       Bite              ||    26
 Stab: Sleeping          ||     4
Armor: Robe              ||     5
Dodge: Dodged            ||    36

Table legend:
 A = Spawn XP
 B = Non-spawn XP
 C = Spawn XP percentage of total XP
 D = Spawn monster count
 E = Non-spawn monster count
 F = Spawn count percentage of total count
 G = Total turns spent on level
                    A         B        C        D         E        F      G
               +---------+---------+-------+---------+---------+-------+---------
         Total |       0 |      34 |   0.0 |       0 |      21 |   0.0 |   651
               +---------+---------+-------+---------+---------+-------+---------
           D:1 |       0 |      32 |   0.0 |       0 |      19 |   0.0 |   631
           D:2 |       0 |       2 |   0.0 |       0 |       2 |   0.0 |    20
               +---------+---------+-------+---------+---------+-------+---------
